 Dungeon Crawl Stone Soup version 0.31.0-9-g3a7656b989 (webtiles) character file.

Game seed: 2558650933247348626

58 qw the Shooter (level 3, -1/20 HPs)
             Began as a Deep Elf Hunter on Feb 2, 2024.
             Slain by an orc
             ... wielding a +0 whip
              (4 damage)
             ... on level 3 of the Dungeon.
             The game lasted 00:00:06 (1684 turns).

qw the Shooter (Deep Elf Hunter)                    Turns: 1684, Time: 00:00:07

Health: -1/20      AC:  7    Str: 16    XL:     3   Next: 76%
Magic:  5/5        EV: 10    Int: 13    God:
Gold:   85         SH:  0    Dex: 18    Spells: 2/2 levels left

rFire   . . .        a - +1 shortbow
rCold   . . .        (shield currently unavailable)
rNeg    + . .        h - +0 scale mail
rPois   .            (no helmet)
rElec   .            b - +0 cloak
rCorr   .            (no gloves)
SInv    .            (no boots)
Will    .....        (no amulet)
Stlth   +            i - +6 ring of strength
HPRegen 0.23/turn    k - ring of positive energy
MPRegen 0.09/turn

%: clarity
@: about to teleport
A: hooves 1, clarity
a: no special abilities


You were on level 3 of the Dungeon.
You visited 1 branch of the dungeon, and saw 3 of its levels.

You collected 113 gold pieces.
You spent 28 gold pieces at shops.


Innate Abilities, Weirdness & Mutations

You have large cloven feet.
You possess an exceptional clarity of mind.


   Skills:
 - Level 1.5 Fighting
 + Level 7.2 Ranged Weapons
 - Level 2.4 Dodging
 - Level 1.2 Stealth


You had 2 spell levels left.
You didn't know any spells.
Your spell library was empty.

Inventory:

Hand Weapons
 a - a +1 shortbow (weapon)
Armour
 b - a +0 cloak (worn)
 h - a +0 scale mail (worn)
Jewellery
 e - a +5 ring of evasion
 i - a +6 ring of strength (left hand)
 k - a ring of positive energy (right hand)
Scrolls
 f - 2 scrolls of identify
 g - 2 scrolls of teleportation
Potions
 c - a potion of enlightenment
 d - a potion of curing
 l - a potion of mutation

Dungeon Overview and Level Annotations

Branches:
Dungeon (3/15)

Altars:

Shops:
D:1 ?

Annotations:
D:1 exclusion: goblin


Message History

The orc barely misses you. The orc misses you.
The orc hits you but does no damage. The orc barely misses you.
The orc completely misses you. The orc misses you.
The orc hits you with a +0 dagger.
You shoot an arrow. The arrow barely misses the orc.
The orc closely misses you. x2; The orc hits you but does no damage. x2
You shoot an arrow.
The arrow hits the orc but does no damage.
The orc is moderately wounded.
The orc hits you but does no damage. The orc hits you with a +0 dagger.
The orc hits you but does no damage. The orc barely misses you.
You shoot an arrow.
The arrow hits the orc but does no damage.
The orc is moderately wounded.
The orc hits you but does no damage. The orc hits you with a +0 mace.
The orc hits you but does no damage. The orc barely misses you.
You shoot an arrow. The arrow hits the orc.
The orc is severely wounded.
The orc barely misses you. The orc hits you with a +0 dagger.
The orc hits you but does no damage. The orc closely misses you.
The orc hits you with a +0 mace. The orc hits you with a +0 whip.
The orc barely misses you. The orc hits you but does no damage.
You shoot an arrow. The arrow completely misses the orc.
The orc hits you with a +0 mace. The orc barely misses you.
The orc closely misses you. The orc barely misses you.
You shoot an arrow.
The arrow hits the orc but does no damage.
The orc is severely wounded.
The orc hits you with a +0 mace. The orc barely misses you.
The orc hits you but does no damage. x2
1683 ||| READING 3 scrolls of teleportation.
As you read the scroll of teleportation, it crumbles to dust.
You feel strangely unstable. The orc misses you.
The orc hits you with a +0 mace. The orc hits you but does no damage.
The orc closely misses you.
You shoot an arrow. The arrow hits the orc.
You kill the orc!
The orc hits you with a +0 dagger. The orc hits you but does no damage.
The orc hits you with a +0 whip.
You die...

..# ... ...#####
...... ..... ..
.... .... #.. ##..
... ###?.#o.### ..
#.....o@..# .#
#...<.o)..##.#
#.........#..#
##.#....##..#
.....#..##.##
.....##..#.#
......#..#.##
.#.#........####...
###
#.#.............
...


You could see 3 orcs.

Vanquished Creatures
  4 dart slugs
  An orc (D:3)
  5 bats
  3 endoplasms
  3 giant cockroaches
  4 goblins
  7 hobgoblins
  A jackal (D:1)
  3 kobolds
  3 quokkas (D:1)
  4 ball pythons
  2 frilled lizards (D:1)
  7 rats
47 creatures vanquished.

Notes
Turn   | Place    | Note
-------+----------+-------------------------------------------
     0 | D:1      | qw the Deep Elf Hunter began the quest for the Orb.
     0 | D:1      | Reached XP level 1. HP: 12/12 MP: 3/3
     0 | D:1      | 0 ||| qw: Version: 0.3-a-155-g5e7d8dd
     0 | D:1      | 0 ||| qw: Game counter: 921
     0 | D:1      | 0 ||| qw: Melee chars always use a shield: true
     0 | D:1      | 0 ||| qw: God list: Okawaru
     0 | D:1      | 0 ||| qw: Allow faded altars: false
     0 | D:1      | 0 ||| qw: Do Orc after clearing Dungeon:15 true
     0 | D:1      | 0 ||| qw: Do second Lair branch before Depths: true
     0 | D:1      | 0 ||| qw: Lair rune preference: random
     0 | D:1      | 0 ||| qw: Goals: Normal
     0 | D:1      | 0 ||| PLANNING D:1-11
   178 | D:1      | Reached skill level 6 in Ranged Weapons
   178 | D:1      | Reached XP level 2. HP: 16/16 MP: 4/4
   386 | D:1      | Found Feah's Magic Scroll Emporium.
   394 | D:1      | 394 ||| BUYING scroll of identify (28 gold).
   394 | D:1      | Bought a scroll of identify for 28 gold pieces
   394 | D:1      | 394 ||| SHOPLISTING scroll of identify (28 gold, have 17).
   394 | D:1      | 394 ||| SHOPLISTING scroll of teleportation (42 gold, have
                  | 17).
   508 | D:1      | Reached XP level 3. HP: 20/20 MP: 5/5
   693 | D:1      | 693 ||| UPGRADING to +0 scale mail.
   703 | D:1      | 703 ||| DROPPING +0 leather armour.
   704 | D:1      | 704 ||| UPGRADING to +6 ring of strength.
   705 | D:1      | 705 ||| READING 4 scrolls of identify.
   705 | D:1      | 705 ||| IDENTIFYING smoky brown potion
   706 | D:1      | 706 ||| READING 3 scrolls of identify.
   706 | D:1      | 706 ||| IDENTIFYING black potion
   707 | D:1      | 707 ||| READING 2 scrolls of identify.
   707 | D:1      | 707 ||| IDENTIFYING scroll labelled BIEPRE HUOVUI
   708 | D:1      | 708 ||| DROPPING scroll of butterflies.
   709 | D:1      | 709 ||| DROPPING potion of attraction.
  1166 | D:2      | Reached skill level 7 in Ranged Weapons
  1388 | D:2      | 1388 ||| UPGRADING to +0 cloak.
  1393 | D:2      | 1393 ||| UPGRADING to ring of positive energy.
  1394 | D:2      | 1394 ||| READING 2 scrolls of identify.
  1394 | D:2      | 1394 ||| IDENTIFYING pink potion
  1395 | D:2      | 1395 ||| READING scroll of identify.
  1395 | D:2      | 1395 ||| IDENTIFYING cyan potion
  1396 | D:2      | 1396 ||| READING scroll labelled VAILLO JOXZEMIQ.
  1397 | D:2      | 1397 ||| READING scroll labelled ILIT GEIROES.
  1397 | D:2      | 1397 ||| ENCHANTING +0 shortbow.
  1398 | D:2      | 1398 ||| DRINKING 2 lumpy blue potions.
  1398 | D:2      | Gained mutation: You possess an exceptional clarity of
                  | mind. [potion of mutation]
  1398 | D:2      | Gained mutation: You have large cloven feet. [potion of
                  | mutation]
  1399 | D:2      | 1399 ||| DRINKING 2 silvery potions.
  1444 | D:2      | 1444 ||| DROPPING potion of degeneration.
  1445 | D:2      | 1445 ||| DROPPING potion of lignification.
  1682 | D:3      | HP: 5/20 [orc/+0 mace (4)]
  1683 | D:3      | 1683 ||| READING 3 scrolls of teleportation.
  1684 | D:3      | Slain by an orc

Levels and vault maps discovered:
D:1:      orjb1_lava_funnel, layout_loops_ring, serial_shops, shop,
          hangedman_feature_mirror, hangedman_decor_peaks_small,
          minmay_crystal_water, hangedman_feature_mirror
D:2:      layout_loops_ring, kennysheep_decorative_pillar
D:3:      layout_rooms, zin_treasury, serial_shops, shop_statue,
          chequers_ecumenical_altar_twisty

Skill      XL: |  1  2  3 |
---------------+----------+-----
Ranged Weapons | 6 7 |  7.2
Fighting       | |  1.5
Dodging        | |  2.4
Stealth        | |  1.2

Action                     || total
---------------------------++-------
   Fire: Shortbow          ||   135
    Use: Scroll            ||     8
         Potion            ||     2
 Armour: Leather armour    ||     9
         Scale mail        ||    41
  Dodge: Dodged            ||    41

Table legend:
 A = Non-vault XP
 B = Vault XP
 C = Vault XP percentage of total XP
 D = Non-vault monster count
 E = Vault monster count
 F = Vault count percentage of total count
                 A         B        C        D         E       F
            +---------+---------+-------+---------+---------+-------
      Total |      77 |      10 |  11.5 |      43 |       4 |   8.5
            +---------+---------+-------+---------+---------+-------
        D:1 |      40 |      10 |  20.0 |      21 |       4 |  16.0
        D:2 |      20 |       0 |   0.0 |      13 |       0 |   0.0
        D:3 |      17 |       0 |   0.0 |       9 |       0 |   0.0
            +---------+---------+-------+---------+---------+-------
